 Dungeon Sprint DCSS version 0.31-a0-596-g831eee08f1 (webtiles) character file.

Game seed: 3085221572483758093

5 sircluck the Trooper (level 1, -5/20 HPs)
             Began as a Hill Orc Fighter on Aug 20, 2023.
             Splashed by a jelly's acid (7 damage)
             ... in the Dungeon (Sprint IX: "|||||||||||||||||||||||||||||").
             The game lasted 00:00:05 (48 turns).

sircluck the Trooper (Hill Orc Fighter)               Turns: 48, Time: 00:00:05

Health: -5/20      AC:  3    Str: 18    XL:     1   Next: 80%
Magic:  1/1        EV:  9    Int:  8    God:
Gold:   0          SH:  4    Dex: 10    Spells: 0/0 levels left

rFire   . . .        a - +0 war axe
rCold   . . .        c - +0 buckler
rNeg    . . .        b - +0 scale mail
rPois   .            (no helmet)
rElec   .            (no cloak)
rCorr   .            (no gloves)
SInv    .            (no boots)
Will    .....        (no amulet) Stlth
                     (no ring)
HPRegen 0.23/turn    (no ring)
MPRegen 0.07/turn

%: no teleportation
@: corroded
A: no striking features
a: no special abilities


You were in the Dungeon.
You visited 1 branch

Inventory:

Hand Weapons
 a - a +0 war axe (weapon)
Armour
 b - a +0 scale mail (worn)
 c - a +0 buckler (worn)
Scrolls
 j - a scroll of blinking
Potions
 d - a potion of might
 e - a potion of curing
 f - a potion of heal wounds
 g - a potion of haste
 h - 2 potions of magic
 i - a potion of berserk rage


   Skills:
 + Level 4.2 Fighting
 + Level 3.5 Axes
 + Level 3.8 Armour
 + Level 3.8 Shields


You couldn't memorise any spells.
You didn't know any spells.
Your spell library was empty.

Dungeon Overview and Level Annotations

Branches:
Dungeon (1/1)

Altars:


Message History

The kobold is severely wounded.
You block the kobold's attack. x2
You hit the kobold.
You kill the kobold!
Items here: ) †††.
You open the door.
A dart slug, a phantom, a black bear, an ogre and a jelly come into view.
The black bear growls angrily.
The ogre shouts!
The jelly quivers.
The jelly hits you but does no damage. The jelly barely misses you.
The jelly barely misses you. The jelly misses you. The jelly hits you.
You are splashed with acid.
The jelly closely misses you. The jelly hits you but does no damage.
The jelly completely misses you. The jelly hits you but does no damage.
The jelly barely misses you. The jelly hits you but does no damage.
The jelly barely misses you. You block the jelly's attack.
You block the jelly's attack. The jelly hits you but does no damage.
The jelly barely misses you. The jelly hits you but does no damage.
The jelly barely misses you. The jelly barely misses you.
The jelly hits you but does no damage. The jelly barely misses you.
The jelly barely misses you. The jelly misses you. The jelly hits you.
The acid corrodes you!
You are splashed with acid!
Ouch! That really hurt!
* * * LOW HITPOINT WARNING * * *
The jelly hits you but does no damage. The jelly hits you.
* * * LOW HITPOINT WARNING * * *
You are splashed with acid!
You die... ▓▓▓▓▓▓▓▓▓▓▓▓▓▓▓▓▓▓ +.wWhOJ@...)'...<▓ ▓▓▓▓▓▓▓▓▓▓▓▓▓▓▓▓▓▓

You could see a black bear, an ogre, a phantom, a jelly and a dart slug.

Vanquished Creatures
  2 bats (D)
  A hobgoblin (D)
  A kobold (D)
  A rat (D)
5 creatures vanquished.

Notes
Turn   | Place    | Note
-------+----------+-------------------------------------------
     0 | D        | sircluck the Hill Orc Fighter began the quest for the Orb.
     0 | D        | Reached XP level 1. HP: 19/19 MP: 1/1
     9 | D        | Reached skill level 4 in Fighting
    22 | D        | Noticed a phantom
    22 | D        | Noticed a black bear
    22 | D        | Noticed an ogre
    22 | D        | Noticed a jelly
    48 | D        | Splashed by a jelly's acid

Illustrated notes

Levels and vault maps discovered:
D:        linesprint [early_d, line_temple, items_1, d_10, items_2, lair_1,
          lair_end, items_3, orc_1, orc_end, items_4, d_15, swamp_1, shoals_1,
          snake_1, spider_1, d_20, vaults_1, items_5, swamp_end, shoals_end,
          snake_end, spider_end, vaults_end, d_27, items_6, zot_1, zot_end,
          crypt_end, forest_end, elf_end, slime_end, tomb_end, abyss_end,
          pan_hell_end]

Skill      XL: |  1 |
---------------+----+-----
Axes           | 3 |  3.5
Fighting       | 4 |  4.2
Armour         | |  3.8
Shields        | |  3.8

Action                     || total
---------------------------++-------
  Melee: War axe           ||    12
 Armour: Scale mail        ||    20
  Dodge: Dodged            ||    18
  Block: Buckler           ||     6

Table legend: (Time is in decaauts)
 A = Elapsed time spent in this place.
 B = Non-inter-level travel time spent in this place.
 C = Inter-level travel time spent in this place.
 D = Time resting spent in this place.
 E = Time spent auto-exploring this place.
 F = Levels seen in this place.
 G = Mean time per level.
                   A        B        C        D        E       F      G
               +--------+--------+--------+--------+--------+-----+--------+
         Total |     52 |     52 |      0 |      0 |      0 |   1 |   52.0 |
       Dungeon |     52 |     52 |      0 |      0 |      0 |   1 |   52.0 |
               +--------+--------+--------+--------+--------+-----+--------+

Top non-repeatable levels by time:
       D: 52 daAuts
